 Dungeon Crawl Stone Soup version 0.26.0-16-gc1dbca0489 (webtiles) character file.

Game seed: 5693749560686252148

206 teolandon225 the Sneak (level 5, -10/24 HPs)
             Began as a Spriggan Enchanter on Jan 20, 2021.
             Mangled by a mummy (12 damage)
             ... in an ossuary.
             The game lasted 00:13:26 (6009 turns).

teolandon225 the Sneak (Spriggan Enchanter)         Turns: 6009, Time: 00:13:26

Health: -10/24     AC:  3    Str:  4    XL:     5   Next: 53%
Magic:  10/10      EV: 20    Int: 17    God:
Gold:   86         SH:  0    Dex: 17    Spells: 3/9 levels left

rFire    . . .     SeeInvis +   a - +1 dagger
rCold    . . .     Faith    .   (shield restricted)
rNeg     . . .     Spirit   .   b - +0 robe
rPois    .         Reflect  .   (helmet restricted)
rElec    .         Harm     .   m - +0 cloak
rCorr    .         Rampage  .   (gloves unavailable)
Will     .....                  (boots unavailable)
Stlth    ++++......             (no amulet)
HPRegen  0.08/turn              (no ring)
MPRegen  0.12/turn              (no ring)

@: very quick
A: very small, unfitting armour, see invisible, speed 3
a: no special abilities


You were in an ossuary.
You visited 1 branch of the dungeon, and saw 4 of its levels.
You also visited: Ossuary.

You collected 86 gold pieces.

Inventory:

Hand Weapons
 a - a +1 dagger (weapon)
Armour
 b - a +0 robe (worn)
 m - a +0 cloak (worn)
Jewellery
 i - an uncursed ring of resist corrosion {unknown}
 j - an uncursed amulet of faith {unknown}
 l - a cursed ring of attention {unknown}
Scrolls
 c - 3 scrolls of remove curse {unknown}
 d - 2 scrolls of noise {unknown}
 f - a scroll of random uselessness {unknown}
 g - a scroll of fog {unknown}
 h - a scroll of immolation {unknown}
 n - a scroll of amnesia {unknown}
 r - a scroll of enchant weapon {unknown}
Potions
 e - 2 potions of brilliance {unknown}
 k - a potion of flight {unknown}
 o - a potion of might {unknown}
 p - a potion of heal wounds {unknown}
 q - 2 potions of cancellation {unknown}


   Skills:
 - Level 1.1 Short Blades
 + Level 4.6 Dodging
 * Level 7.0 Stealth
 - Level 2.6 Spellcasting
 * Level 5.5 Hexes


You had 3 spell levels left.
You knew the following spells:

 Your Spells              Type           Power        Failure   Level
q - Ensorcelled Hibernat  Hex/Ice        22%          9%          2
r - Corona                Hex            23%          1%          1
w - Confusing Touch       Hex            21%          5%          3

Your spell library contained the following spells:

 Spells                   Type           Power        Failure   Level
 Tukima's Dance           Hex            21%          5%          3
 Dazzling Flash           Conj/Hex       22%          17%         3


Dungeon Overview and Level Annotations

Branches:
Dungeon (4/15)            Ossuary (1/1)
 Temple: D:4-7

Altars:
Ashenzari
Cheibriados
Elyvilon
Kikubaaqudgha
Qazlal
Ru
Trog
Vehumet
Zin


Innate Abilities, Weirdness & Mutations

You are very small and have problems with some larger weapons.
You are too small for most types of armour.
You have supernaturally acute eyesight. (SInv)
You cover ground extremely quickly.


Message History

The mummy is lightly damaged.
The mummy hits you but does no damage.
You completely miss the mummy.
The mummy is lightly damaged.
You hit the mummy.
The mummy is lightly damaged.
The orc zombie barely misses you. The mummy barely misses you.
The orc zombie barely misses you.
A mummy comes into view.
The mummy hits you!!
Ouch! That really hurt!
* * * LOW HITPOINT WARNING * * *
The orc zombie hits you but does no damage.
The kobold zombie barely misses you. The mummy barely misses you.
You open the door.
Found four items.
The mummy hits you!
Ouch! That really hurt!
You die...

########### #.
..........## ..M
####......## ....
##..##M.....#
....##....##ZZMM.#
............Z.MZ.#
..Z.........MM..##
#............MZ##
#+##........##@#
##......##..#
##....##....
#....#.....!
#....#....!.$
#..MZ#.....?$#
#....#....!$$#
#..M.#....?$##
#.Z..#


You could see 7 mummies, a hobgoblin zombie, a kobold zombie and 3 orc zombies.

Vanquished Creatures
  Crazy Yiuf (D:3)
  An orc wizard (D:3)
  5 adders
  A gnoll (D:1)
  A worm (D:2)
  A dart slug (D:2)
  A leopard gecko (D:3)
  8 orcs (D:3)
  A ball python (D:2)
  4 giant cockroaches
  5 goblins
  10 hobgoblins
  3 jackals (D:2)
  A quokka (D:3)
  12 bats
  4 frilled lizards
  A hobgoblin zombie (Ossuary)
  11 kobolds
  An orc zombie (Ossuary)
  8 rats
80 creatures vanquished.

Notes
Turn   | Place    | Note
-------+----------+-------------------------------------------
     0 | D:1      | teolandon225 the Spriggan Enchanter began the quest for the
                  | Orb.
     0 | D:1      | Reached XP level 1. HP: 9/9 MP: 5/5
   881 | D:1      | Reached XP level 2. HP: 13/13 MP: 6/6
   920 | D:1      | Learned a level 2 spell: Ensorcelled Hibernation
  1138 | D:1      | Reached skill level 5 in Stealth
  1599 | D:1      | Reached XP level 3. HP: 16/16 MP: 0/8
  1603 | D:1      | Learned a level 3 spell: Confusing Touch
  2575 | D:2      | Noticed a moth of wrath
  2968 | D:2      | Reached XP level 4. HP: 20/21 MP: 4/9
  3096 | D:2      | Reached skill level 6 in Stealth
  3159 | D:2      | Found an ancient bone altar of Kikubaaqudgha.
  3769 | D:2      | Found a bloodstained altar of Trog.
  4066 | D:3      | Found a runed translucent door.
  4067 | D:3      | Noticed Crazy Yiuf
  4122 | D:3      | Killed Crazy Yiuf
  4123 | D:3      | Reached skill level 5 in Hexes
  4588 | D:3      | Reached XP level 5. HP: 24/24 MP: 10/10
  4833 | D:3      | HP: 1/24 [orc wizard/magic dart (7)]
  5721 | D:3      | Reached skill level 7 in Stealth
  5802 | D:3      | Found a radiant altar of Vehumet.
  5809 | D:3      | Found a sacrificial altar of Ru.
  5816 | D:3      | Found a glowing silver altar of Zin.
  5830 | D:3      | Found a white marble altar of Elyvilon.
  5838 | D:3      | Found a broken altar of Ashenzari.
  5844 | D:3      | Found a stormy altar of Qazlal.
  5857 | D:3      | Found a snail-covered altar of Cheibriados.
  5929 | D:4      | Found a sand-covered staircase.
  5938 | Ossuary  | Entered an ossuary
  6000 | Ossuary  | HP: 1/24 [mummy (18)]
  6009 | Ossuary  | Mangled by a mummy

Illustrated notes

Levels and vault maps discovered:
D:1:      minmay_arrival_stone_box, layout_basic,
          corexii_item_surrounded_by_moat
D:2:      layout_basic, kiku_gazebo_garden_becter, tgw_trog
D:3:      layout_basic, grunt_temple_overflow_octagram, supply_closet_lemuel,
          grunt_ministairs_10, minmay_misc_feat_plants, uniq_crazy_yiuf_cottage
D:4:      layout_loops_cross, minmay_temple_entry_overgrown,
          nicolae_ossuary_entry_monument, serial_shops,
          nicolae_shop_behind_doors
Ossuary:  ossuary_tomb_3

Skill      XL: |  1  2  3  4  5 |
---------------+----------------+-----
Hexes          | 4 5 |  5.5
Stealth        | 5 6 7 |  7.0
Dodging        | 4 |  4.6
Short Blades   | |  1.1
Spellcasting   | |  2.6

Action                   |  1- 3 |  4- 6 || total
-------------------------+-------+-------++-------
Melee: Dagger            |   120 |   114 ||   234
 Cast: Corona            |     5 |       ||     5
       Ensorcelled Hiber |    39 |    38 ||    77
       Confusing Touch   |       |     1 ||     1
  Use: Scroll            |     1 |       ||     1
 Stab: Sleeping          |    26 |    30 ||    56
       Distracted        |     1 |       ||     1
Armor: Robe              |    23 |     8 ||    31
Dodge: Dodged            |   153 |   100 ||   253
